 Dungeon Crawl Stone Soup version 0.32-a0-43-g058985b245 (webtiles) character file.

Game seed: 15992249115448091438

1299 Atlas the Magician (level 8, -7/53 HPs)
             Began as a Demonspawn Fire Elementalist on Feb 4, 2024.
             Was an Initiate of Vehumet.
             Mangled by an orc warrior
             ... wielding a +0 war axe
              (11 damage)
             ... in the Ecumenical Temple.
             The game lasted 00:07:02 (5839 turns).

Atlas the Magician (Demonspawn Fire Elementalist)   Turns: 5839, Time: 00:07:03

Health: -7/53      AC:  7    Str:  8    XL:     8   Next: 31%
Magic:  1/16       EV: 12    Int: 18    God:    Vehumet [......]
Gold:   442        SH:  0    Dex: 14    Spells: 11/18 levels left

rFire   . . .        q - +3 long sword
rCold   . . .        (no shield)
rNeg    . . .        h - +0 acid dragon scales
rPois   .            (no helmet)
rElec   .            d - scarf {shadows}
rCorr   +            a - +0 pair of gloves
SInv    .            (no boots)
Will    .....        (no amulet)
Stlth   ++           (no ring)
HPRegen 0.28/turn    (no ring)
MPRegen 0.15/turn

%: no passive effects
@: no status effects
A: sturdy frame 1, demonic magic 1
a: Renounce Religion


You were in the Ecumenical Temple.
You worshipped Vehumet.
Vehumet was noncommittal.
You visited 2 branches of the dungeon, and saw 7 of its levels.
You also visited: Ossuary.

You collected 442 gold pieces.

Inventory:

Hand Weapons
 q - a +3 long sword (weapon)
Armour
 a - a +0 pair of gloves (worn)
 d - a scarf of shadows (worn)
 h - +0 acid dragon scales (worn)
Scrolls
 e - 2 scrolls of blinking
 f - 3 scrolls of identify
 g - a scroll of vulnerability
 j - a scroll of fear
 l - a scroll of torment
 n - a scroll of enchant armour
 o - 2 scrolls of poison
 p - 2 scrolls of teleportation
Potions
 b - 3 potions of magic
 c - 2 potions of degeneration {unknown}
 i - a potion of heal wounds {unknown}
 k - a potion of mutation {unknown}
 m - 3 potions of curing


   Skills:
 + Level 0.9 Fighting
 + Level 3.1 Long Blades
 + Level 1.2 Armour
 + Level 2.4 Dodging
 + Level 3.7 Stealth
 + Level 0.8 Unarmed Combat
 + Level 5.6 Spellcasting
 + Level 2.2 Conjurations
 + Level 5.4 Fire Magic


You had 11 spell levels left.
You knew the following spells:

 Your Spells              Type           Power      Damage    Failure   Level
a - Scorch                Fire           48%        2d7       2%          2
b - Foxfire               Conj/Fire      72%        2x1d7     3%          1
c - Flame Wave            Conj/Fire      18%        2d7       30%         4

Your spell library contained the following spells:

 Spells                   Type           Power      Damage    Failure   Level
 Kiss of Death            Conj/Necr      36%        2d8       10%         1
 Inner Flame              Hex/Fire       14%        N/A       14%         3
 Volatile Blastmotes      Fire/Tloc      28%        2d12      14%         3
 Confusing Touch          Hex            5%         N/A       41%         3
 Fugue of the Fallen      Necr           5%         N/A       41%         3
 Ozocubu's Armour         Ice            5%         N/A       41%         3
 Dispel Undead            Necr           5%         3d7       83%         4
 Manifold Assault         Tloc           5%         N/A       83%         4


Dungeon Overview and Level Annotations

Branches:
Dungeon (6/15)             Temple (1/1) D:6         Ossuary (visited)

Altars:
Ashenzari
Cheibriados
Dithmenos
Fedhas
Gozag
Hepliaklqana
Kikubaaqudgha
Makhleb
Nemelex Xobeh
Okawaru
Qazlal
Ru
Sif Muna
Uskayaw
Vehumet
Wu Jian

Annotations:
D:6 Dowan, Duvessa


Innate Abilities, Weirdness & Mutations

Your movements are slightly less encumbered by armour. (ER -2)
Spells you cast may paralyse adjacent enemies.


Message History

The orc warrior hits you with a +0 war axe.
* * * LOW HITPOINT WARNING * * *
Casting: Scorch (safe; 2% risk of failure)
Confirm with . or Enter, or press ? or * to list all spells.
Flames lash the orc.
You kill the orc!
Vehumet accepts your kill. Malevolent energies surge around you.
The orc warrior closely misses you.
Unknown command.
Casting: Scorch (safe; 2% risk of failure)
Confirm with . or Enter, or press ? or * to list all spells.
Flames lash the orc warrior.
The orc warrior is burned terribly!
The orc warrior is almost dead.
Malevolent energies surge around you.
The orc warrior hits you but does no damage.
Unknown command.
Casting: Scorch (safe; 2% risk of failure)
Confirm with . or Enter, or press ? or * to list all spells.
Flames lash the orc warrior but do no damage.
Malevolent energies surge around you.
The orc warrior suddenly stops moving!
Unknown command.
Casting: Scorch (safe; 2% risk of failure)
Confirm with . or Enter, or press ? or * to list all spells.
Flames lash the orc warrior but do no damage.
Malevolent energies surge around you.
The orc warrior is no longer paralysed.
The orc warrior hits you with a +0 war axe!
* * * LOW HITPOINT WARNING * * *
Unknown command.
Casting: Scorch (safe; 2% risk of failure)
Confirm with . or Enter, or press ? or * to list all spells.
Flames lash the orc warrior but do no damage.
Malevolent energies surge around you.
The orc warrior hits you but does no damage.
Unknown command.
Casting: Scorch (safe; 2% risk of failure)
Confirm with . or Enter, or press ? or * to list all spells.
Flames lash the orc warrior but do no damage.
Malevolent energies surge around you.
The orc warrior hits you with a +0 war axe!
You die...

#.._......._.....##
#.................####
#......8......._.....##
#.....................#
#.._.......8......._..#
#.....................#
#......8......._.....##
#.........).......####
#.._......o@.....##
#.............####
#......_.....##
#.........####
#.._.....## #.....####
##...## #####


You could see an orc warrior (combustible).

Vanquished Creatures
  Grinder (D:3)
  Edmund (D:5)
  A black bear (D:4)
  2 ogres
  2 elf zombies (Ossuary)
  A weeping skull (Ossuary)
  A scorpion (D:5)
  A burial acolyte (Ossuary)
  A human zombie (Ossuary)
  2 hounds (D:5)
  An orc priest (D:5)
  2 iguanas
  A sleepcap (D:4)
  2 orc wizards (D:5)
  2 mummies (Ossuary)
  4 adders
  A shadow imp (D:5)
  4 ufetubi
  An adder zombie (Ossuary)
  3 dart slugs
  A ribbon worm (D:3)
  9 orcs
  5 ball pythons
  5 bats
  6 endoplasms
  2 giant cockroaches
  6 goblins
  6 hobgoblins
  8 jackals
  2 frilled lizards
  7 kobolds
  A kobold zombie (Ossuary)
  3 rats
95 creatures vanquished.

Vanquished Creatures (others)
  233 foxfires
233 creatures vanquished.

Grand Total: 328 creatures vanquished

Notes
Turn   | Place    | Note
-------+----------+-------------------------------------------
     0 | D:1      | Atlas the Demonspawn Fire Elementalist began the quest for
                  | the Orb.
     0 | D:1      | Reached XP level 1. HP: 13/13 MP: 3/3
   232 | D:1      | Gained mutation: Your movements are slightly less
                  | encumbered by armour. (ER -2) [demonic ancestry]
   232 | D:1      | Reached XP level 2. HP: 19/19 MP: 1/5
   895 | D:2      | Gained mutation: Spells you cast may paralyse adjacent
                  | enemies. [demonic ancestry]
   895 | D:2      | Reached XP level 3. HP: 20/24 MP: 2/6
   898 | D:2      | Learned a level 2 spell: Scorch
  1692 | D:2      | Identified the +9 dagger of Ferhac {antimagic, rPois}
  2349 | D:3      | Reached XP level 4. HP: 30/30 MP: 5/8
  2436 | D:3      | Found a snail-covered altar of Cheibriados.
  2441 | D:3      | Found a hazy altar of Hepliaklqana.
  2441 | D:3      | Found a broken altar of Ashenzari.
  2442 | D:3      | Found a blossoming altar of Fedhas.
  2442 | D:3      | Found a hide-covered altar of Uskayaw.
  2443 | D:3      | Found a sacrificial altar of Ru.
  2718 | D:3      | Noticed Grinder
  2732 | D:3      | Killed Grinder
  2733 | D:3      | Reached XP level 5. HP: 35/35 MP: 0/10
  2733 | D:3      | Reached XP level 6. HP: 41/41 MP: 0/11
  3369 | D:4      | Reached skill level 1 in Armour
  3422 | D:4      | Reached XP level 7. HP: 23/46 MP: 1/13
  3453 | D:4      | Found a sand-covered staircase.
  3460 | Ossuary  | Entered an ossuary
  3460 | Ossuary  | Found a huge runed translucent gate.
  3460 | Ossuary  | Found a huge runed translucent gate.
  3460 | Ossuary  | Found a huge runed translucent gate.
  3460 | Ossuary  | Found a huge runed translucent gate.
  3460 | Ossuary  | Found a huge runed translucent gate.
  3460 | Ossuary  | Found a huge runed translucent gate.
  3514 | Ossuary  | Found a huge runed translucent gate.
  3514 | Ossuary  | Found a huge runed translucent gate.
  3515 | Ossuary  | Found a huge runed translucent gate.
  3515 | Ossuary  | Found a huge runed translucent gate.
  3515 | Ossuary  | Found a huge runed translucent gate.
  3516 | Ossuary  | Found a huge runed translucent gate.
  3516 | Ossuary  | Found a huge runed translucent gate.
  3539 | Ossuary  | Reached skill level 1 in Long Blades
  3614 | Ossuary  | Found a huge runed translucent gate.
  3614 | Ossuary  | Found a huge runed translucent gate.
  3615 | Ossuary  | Found a huge runed translucent gate.
  3615 | Ossuary  | Found a huge runed translucent gate.
  3615 | Ossuary  | Found a huge runed translucent gate.
  3615 | Ossuary  | Found a huge runed translucent gate.
  3615 | Ossuary  | Found a huge runed translucent gate.
  3616 | Ossuary  | Found a huge runed translucent gate.
  3616 | Ossuary  | Found a huge runed translucent gate.
  3618 | Ossuary  | Found a huge runed translucent gate.
  3618 | Ossuary  | Found a huge runed translucent gate.
  3619 | Ossuary  | Found a huge runed translucent gate.
  3619 | Ossuary  | Found a huge runed translucent gate.
  3621 | Ossuary  | Found a huge runed translucent gate.
  3621 | Ossuary  | Found a huge runed translucent gate.
  3632 | Ossuary  | Learned a level 4 spell: Flame Wave
  3751 | Ossuary  | Found a huge runed translucent gate.
  3751 | Ossuary  | Found a huge runed translucent gate.
  3752 | Ossuary  | Found a huge runed translucent gate.
  3752 | Ossuary  | Found a huge runed translucent gate.
  3752 | Ossuary  | Found a huge runed translucent gate.
  3752 | Ossuary  | Found a huge runed translucent gate.
  3752 | Ossuary  | Found a huge runed translucent gate.
  3782 | Ossuary  | Reached skill level 5 in Fire Magic
  4395 | D:5      | Entered Level 5 of the Dungeon
  4561 | D:5      | Reached skill level 5 in Spellcasting
  4896 | D:5      | Noticed Edmund
  4945 | D:5      | Killed Edmund
  4946 | D:5      | Reached XP level 8. HP: 53/53 MP: 1/15
  5281 | D:5      | Found an iron altar of Okawaru.
  5746 | D:6      | Noticed Duvessa
  5748 | D:6      | Noticed Dowan
  5797 | D:6      | Found a staircase to the Ecumenical Temple.
  5806 | Temple   | Entered the Ecumenical Temple
  5817 | Temple   | Became a worshipper of Vehumet
  5839 | Temple   | Mangled by an orc warrior

Illustrated notes

Levels and vault maps discovered:
D:1:      scummos_arrival_hexagon, layout_basic, chequers_garden, nrook_campfire
D:2:      layout_loops_ring, serial_co_window_serial, co_window_paths_b,
          co_window_of_opportunity_a, co_window_paths_b, co_window_paths_b,
          co_window_corner_a, co_window_corner_a, co_window_of_opportunity_a,
          co_window_unsneaky_path_b, co_window_corner_b, co_window_2corner,
          co_window_4corner_a, co_window_sun, glass_columns_b
D:3:      layout_rooms, grunt_temple_overflow_open, nicolae_figureground_pulse,
          uniq_grinder
D:4:      layout_basic, nicolae_ossuary_entry_monument
D:5:      layout_loops_ring, marbit_many_paths, uniq_edmund
D:6:      layout_cave_pools, minmay_temple_entry_wispy, uniq_duvessa
Temple:   nicolae_temple_ecumenical_triangle

Skill      XL: |  1  2  3  4  5  6  7  8 |
---------------+-------------------------+-----
Fire Magic     | 3 4 5 |  5.4
Dodging        | 2 |  2.4
Stealth        | 2 3 |  3.7
Spellcasting   | 3 4 5 |  5.6
Conjurations   | 2 |  2.2
Armour         | 1 |  1.2
Long Blades    | 2 3 |  3.1
Fighting       | |  0.9
Unarmed Combat | |  0.8

Action                     |  1- 3 |  4- 6 |  7- 9 || total
---------------------------+-------+-------+-------++-------
  Melee: Unarmed           |     9 |       |       ||     9
         Dagger            |     9 |       |       ||     9
         Long sword        |       |    44 |    43 ||    87
         Punch             |       |       |     1 ||     1
   Cast: Foxfire           |    62 |    32 |    34 ||   128
         Scorch            |    14 |    19 |    54 ||    87
    Use: Scroll            |       |       |     8 ||     8
   Stab: Paralysed         |     1 |     4 |    14 ||    19
 Armour: Leather armour    |    13 |       |       ||    13
         Acid dragon scale |     6 |    53 |    40 ||    99
  Dodge: Dodged            |    25 |    51 |    28 ||   104

Table legend: (Time is in decaauts)
 A = Elapsed time spent in this place.
 B = Non-inter-level travel time spent in this place.
 C = Inter-level travel time spent in this place.
 D = Time resting spent in this place.
 E = Time spent auto-exploring this place.
 F = Levels seen in this place.
 G = Mean time per level.
                   A        B        C        D        E       F      G
               +--------+--------+--------+--------+--------+-----+--------+
         Total |   5868 |   5667 |    201 |     15 |   4621 |   8 |  733.5 |
       Dungeon |   5345 |   5165 |    180 |     11 |   4243 |   6 |  890.8 |
        Temple |     31 |     10 |     21 |      0 |      0 |   1 |   31.0 |
       Ossuary |    491 |    491 |      0 |      4 |    378 |   1 |  491.0 |
               +--------+--------+--------+--------+--------+-----+--------+

Top non-repeatable levels by time:
     D:2: 1367 daAuts
     D:5: 1333 daAuts
     D:4: 921 daAuts
     D:1: 885 daAuts
     D:3: 753 daAuts
 Ossuary: 491 daAuts
     D:6: 84 daAuts
  Temple: 31 daAuts
